 Dungeon Crawl Stone Soup version 0.30.1-11-g7821555f0a (webtiles) character file.

Game seed: 11131481569140423549

43 KittyFluff the Trooper (level 3, 0/23 HPs)
             Began as a Gargoyle Berserker on Nov 11, 2023.
             Was a Follower of Trog.
             Slain by a goblin
             ... wielding a +0 club
             ... led by Robin
              (3 damage)
             ... on level 2 of the Dungeon.
             The game lasted 00:04:55 (1074 turns).

KittyFluff the Trooper (Gargoyle Berserker)         Turns: 1074, Time: 00:04:56

Health: 0/23       AC:  5    Str: 22    XL:     3   Next: 58%
Magic:  3/3        EV: 10    Int:  7    God:    Trog [*.....]
Gold:   40         SH:  6    Dex:  9    Spells: 2/2 levels left

rFire   . . .        a - +0 mace
rCold   . . .        e - +0 kite shield
rNeg    + . .        b - +0 animal skin
rPois   ∞            (no helmet)
rElec   +            (no cloak)
rCorr   .            (no gloves)
SInv    .            (no boots)
Will    +....        (no amulet)
Stlth   +            j - ring of willpower
HPRegen 0.23/turn    (no ring)
MPRegen 0.08/turn

%: no passive effects
@: no status effects
A: sickness immunity, AC +3, negative energy resistance 1, electricity
resistance, torment resistance 1, petrification resistance
a: Renounce Religion, Berserk


You were on level 2 of the Dungeon.
You worshipped Trog.
Trog was aware of your devotion.
You visited 1 branch of the dungeon, and saw 2 of its levels.

You collected 40 gold pieces.

Inventory:

Hand Weapons
 a - a +0 mace (weapon)
Missiles
 g - 8 poisoned darts (quivered)
Armour
 b - a +0 animal skin (worn)
 e - a +0 kite shield (worn)
Jewellery
 j - a ring of willpower (left hand)
Scrolls
 c - a scroll of teleportation {unknown}
 d - a scroll of torment {unknown}
 f - a scroll of identify {unknown}
 k - a scroll of immolation {unknown}
 m - a scroll of magic mapping {unknown}
Potions
 h - a potion of flight {unknown}
 i - 2 potions of heal wounds {unknown}
 l - a potion of curing


   Skills:
 + Level 3.5 Fighting
 * Level 3.4 Maces & Flails
 * Level 3.0 Armour
 + Level 1.7 Dodging
 + Level 1.2 Stealth
 + Level 0.5 Shields


You had 2 spell levels left.
You didn't know any spells.
Your spell library was empty.

Dungeon Overview and Level Annotations

Branches:
Dungeon (2/15)

Altars:

Shops:
D:1 =

Annotations:
D:2 Robin


Innate Abilities, Weirdness & Mutations

You are immune to sickness and miasma.
Your stone body is resilient. (AC +3)
You are immune to poison.
You resist negative energy. (rN+)
You are resistant to electric shocks. (rElec)
You are resistant to unholy torment.
You are immune to petrification.


Message History

You hear a shout!
Robin roars a battlecry!
The goblins go into a battle-frenzy!
The hobgoblin closely misses you. Robin throws the goblin at you!
You block the hobgoblin's attack.
You sock the hobgoblin!
You kill the hobgoblin!
Trog accepts your kill. You block the goblin's attack.
You closely miss the goblin. The goblin hits you but does no damage.
The goblin hits you with a +0 club.
You barely miss the goblin. You block the goblin's attack.
A goblin comes into view. It is wielding a +0 club.
The goblin hits you with a +0 club. The goblin closely misses you.
Robin roars a battlecry!
The goblin goes into a battle-frenzy!
The goblin closely misses you.
You hit the goblin but do no damage. The goblin closely misses you.
The goblin hits you but does no damage.
You closely miss the goblin. You block the goblin's attack.
A goblin comes into view. It is wielding a +0 club.
The goblin misses you.
You sock the goblin!
You kill the goblin!
Trog accepts your kill. The goblin hits you with a +0 club. x2
* * * LOW HITPOINT WARNING * * *
You completely miss the goblin. The goblin hits you with a +0 club.
* * * LOW HITPOINT WARNING * * *
It was a potion of curing.
You feel better. Robin throws the goblin at you!
* * * LOW HITPOINT WARNING * * *
The goblin hits you with a +0 club.
* * * LOW HITPOINT WARNING * * *
The goblin hits you with a +0 club.
* * * LOW HITPOINT WARNING * * *
You closely miss the goblin.
The goblin no longer looks unusually strong.
The goblin hits you but does no damage. The goblin misses you.
You block the goblin's attack. The goblin hits you with a +0 club.
You die...

#...........
g....8
#####.######
gg..# #####.#
#..g# #.....#
##.g.#
####.#####
#⌠g..⌠ #....#
#...#### #.####
#...##8######.#
#.....gggg@g..#
#8.......g######
##........#
##8###8### ##
###


You could see Robin, a hobgoblin (strong) and 4 goblins.

Vanquished Creatures
  2 dart slugs (D:1)
  2 bats (D:1)
  6 endoplasms (D:1)
  2 giant cockroaches (D:1)
  7 goblins
  3 hobgoblins
  3 quokkas (D:1)
  A ball python (D:1)
  2 frilled lizards (D:1)
  3 kobolds (D:1)
  2 rats
33 creatures vanquished.

Notes
Turn   | Place    | Note
-------+----------+-------------------------------------------
     0 | D:1      | KittyFluff the Gargoyle Berserker began the quest for the
                  | Orb.
     0 | D:1      | Reached XP level 1. HP: 14/14 MP: 1/1
   129 | D:1      | Found Azxe's Jewellery Shoppe.
   252 | D:1      | Reached XP level 2. HP: 12/19 MP: 2/2
   524 | D:1      | Reached XP level 3. HP: 23/23 MP: 3/3
   553 | D:1      | Found a faded altar of an unknown god.
  1047 | D:2      | Noticed Robin
  1063 | D:2      | Reached skill level 1 in Stealth
  1072 | D:2      | HP: 1/23 [goblin/+0 club[Robin] (5)]
  1074 | D:2      | Slain by a goblin

Illustrated notes

Levels and vault maps discovered:
D:1:      beargit_arrival_greenhouse, layout_basic,
          shapermc_ecumenical_altar_rom_forum, serial_shops, shop,
          minmay_parallelograms, chequers_garden, minmay_misc_feat_five
D:2:      layout_basic, corexii_hall_statues_s, uniq_robin

Skill      XL: |  1  2  3 |
---------------+----------+-----
Armour         | 3 |  3.0
Stealth        | 1 |  1.2
Fighting       | |  3.5
Maces & Flails | |  3.4
Dodging        | |  1.7
Shields        | |  0.5

Action                     || total
---------------------------++-------
  Melee: Mace              ||    81
    Use: Potion            ||     1
   Stab: Sleeping          ||     2
 Armour: Animal skin       ||    22
  Dodge: Dodged            ||    36
  Block: Kite shield       ||    23
